 Dungeon Crawl Stone Soup version 0.27-a0-797-g27d10ad80f (webtiles) character file.

Game seed: 1038628254631307452

3766 sahdkjhfkaj the Blocker (level 9, -6/81 HPs)
             Began as a Minotaur Fighter on Mar 27, 2021.
             Was a Follower of Ashenzari.
             Killed from afar by a gargoyle (12 damage)
             ... with a stone arrow
             ... on level 7 of the Dungeon.
             The game lasted 00:01:58 (6126 turns).

sahdkjhfkaj the Blocker (Minotaur Fighter)          Turns: 6126, Time: 00:01:59

Health: -6/81      AC:  8    Str: 24    XL:     9   Next: 94%
Magic:  8/8        EV:  9    Int:  5    God:    Ashenzari [*.....]
Gold:   403        SH:  0    Dex: 14    Spells: 8/8 levels left

rFire    + . .     SeeInvis .   a - +6 war axe of Ashenzari's Chagrin {drain, rF+ rC+ Dex+4, Melee, Alch} (curse)
rCold    + . .     Faith    .   c - +0 kite shield
rNeg     . . .     Spirit   .   b - +0 scale mail
rPois    .         Reflect  .   (helmet restricted)
rElec    .         Harm     .   (no cloak)
rCorr    .         Rampage  .   (no gloves)
Will     +....                  (no boots)
Stlth    ..........             (no amulet)
HPRegen  0.23/turn              j - ring "Lashed Together" {Will+, Melee, Alch} (curse)
MPRegen  0.11/turn              (no ring)

@: confused, ambrosia-drunk
A: horns 2, retaliatory headbutt
a: Renounce Religion, Shatter the Chains


You were on level 7 of the Dungeon.
You worshipped Ashenzari.
Ashenzari was aware of your devotion.
You visited 1 branch of the dungeon, and saw 7 of its levels.

You collected 403 gold pieces.

Inventory:

Hand Weapons
 a - the cursed +6 war axe of Ashenzari's Chagrin (weapon) {drain, rF+ rC+ Dex+4, Melee, Alch}
   (You acquired it on level 2 of the Dungeon)

   A truly terrible weapon, it drains the life of those it strikes.
   It affects your dexterity (+4).
   It protects you from fire.
   It protects you from cold.
   It has a curse which improves the following skills: Melee Combat: Short
   Blades, Long Blades, Axes, Maces & Flails, Polearms, Staves and Unarmed
   Combat.
   Alchemy:   Poison Magic and Transmutations.
Armour
 b - a +0 scale mail (worn)
 c - a +0 kite shield (worn)
Jewellery
 j - the cursed ring "Lashed Together" (left hand) {Will+, Melee, Alch}
   (You found it on level 2 of the Dungeon)

   [ring of willpower]

   It affects your willpower, your defense against some magical effects.
   It has a curse which improves the following skills: Melee Combat: Short
   Blades, Long Blades, Axes, Maces & Flails, Polearms, Staves and Unarmed
   Combat.
   Alchemy:   Poison Magic and Transmutations.
 l - a +4 ring of evasion
   (You found it on level 7 of the Dungeon)
Wands
 v - a wand of digging (14)
   (You found it on level 5 of the Dungeon)
Scrolls
 e - 2 scrolls of vulnerability
 f - 2 scrolls of fear
 n - a scroll of fog
 o - a scroll of enchant armour
 t - a scroll of teleportation
 z - 2 scrolls of blinking
Potions
 d - a potion of invisibility
 g - 2 potions of attraction
 h - a potion of haste
 i - 2 potions of berserk rage
 m - 2 potions of flight
 q - a potion of curing


   Skills:
 + Level 7.9 Fighting
 * Level 10.1(11.6) Axes
 + Level 7.8 Armour
 * Level 10.5 Shields


You had 8 spell levels left.
You didn't know any spells.
Your spell library was empty.

Dungeon Overview and Level Annotations

Branches:
Dungeon (7/15)             Temple (0/1) D:5

Altars:
Ashenzari
Gozag
Kikubaaqudgha
Sif Muna
Uskayaw
Wu Jian
Xom


Innate Abilities, Weirdness & Mutations

You have a pair of horns on your head.
You reflexively headbutt those who attack you in melee.


Message History

You are too injured to fight recklessly!
You are too injured to fight recklessly!
You are too injured to fight recklessly!
You are too injured to fight recklessly!
You are too injured to fight recklessly!
You are too injured to fight recklessly!
You are too injured to fight recklessly!
You are too injured to fight recklessly!
You are too injured to fight recklessly!
You are too injured to fight recklessly!
There are monsters nearby!
There are monsters nearby!
There are monsters nearby!
There are monsters nearby!
There are monsters nearby!
There are monsters nearby!
There are monsters nearby!
There are monsters nearby!
Okay, then.
You are confused.
You feel invigorated.
The gargoyle hurls a stone arrow at you.
The stone arrow hits you!!
* * * LOW HITPOINT WARNING * * *
The gargoyle hits you with a +0 mace.
* * * LOW HITPOINT WARNING * * *
Unknown command.
Unknown command.
Unknown command.
Unknown command.
Unknown command.
Unknown command.
Unknown command.
You closely miss the gargoyle.
You headbutt the gargoyle, but do no damage.
The gargoyle is lightly damaged.
You hit the gargoyle but do no damage.
The gargoyle hurls a stone arrow at you.
The stone arrow hits you!
You die...

#....รท.)....... #
##.#..)..#######
#.#..#.#.###!###
.....#...#[##'.+##
........###'.....+###
........#8#.......#8#
..#...#...........'#
...###........89...#
...............@9.'#
. #####.#8#.......#$#
#.###).)...+#
#..#.##'.'##
##.###8###.# . ## ###


You could see 2 gargoyles.

Vanquished Creatures
  A manticore (D:7)
  3 gargoyles (D:7)
  Grinder (D:3)
  Sigmund (D:5)
  Menkaure (D:6)
  2 water moccasins
  2 orc warriors
  2 ice beasts
  A sky beast (D:6)
  3 ogres
  2 phantoms (D:5)
  2 kobold brigands (D:5)
  A bullfrog zombie (D:5)
  4 crimson imps (D:4)
  2 hounds
  2 jellies
  An orc priest (D:7)
  2 iguanas (D:5)
  A centaur skeleton (D:3)
  4 orc wizards
  A killer bee zombie (D:7)
  2 hound skeletons (D:4)
  7 gnolls (D:5)
  2 adders
  2 white imps
  An ufetubus (D:4)
  An adder skeleton (D:4)
  A worm (D:2)
  3 dart slugs
  10 orcs
  9 ball pythons
  6 endoplasms
  A giant cockroach (D:4)
  8 hobgoblins
  16 jackals
  51 kobolds
  3 quokkas
  5 bats
  A frilled lizard (D:1)
  6 goblins
  7 rats
181 creatures vanquished.

Notes
Turn   | Place    | Note
-------+----------+-------------------------------------------
     0 | D:1      | sahdkjhfkaj the Minotaur Fighter began the quest for the
                  | Orb.
     0 | D:1      | Reached XP level 1. HP: 19/19 MP: 0/0
   148 | D:1      | Reached XP level 2. HP: 24/27 MP: 1/1
   587 | D:2      | Reached XP level 3. HP: 33/33 MP: 2/2
   631 | D:2      | Found an ornate altar of the Wu Jian Council.
   631 | D:2      | Found a broken altar of Ashenzari.
   638 | D:2      | Found a hide-covered altar of Uskayaw.
  1170 | D:2      | Became a worshipper of Ashenzari the Shackled
  1170 | D:2      | Identified a scroll of acquirement
  1171 | D:2      | Acquired the +6 war axe of the Sun {drain, rF+ rC+ Dex+4}
  1224 | D:3      | Reached XP level 4. HP: 30/40 MP: 3/3
  1471 | D:3      | Noticed Grinder
  1484 | D:3      | Killed Grinder
  1485 | D:3      | Reached skill level 5 in Shields
  1485 | D:3      | Reached XP level 5. HP: 17/47 MP: 4/4
  1485 | D:3      | Reached XP level 6. HP: 20/53 MP: 5/5
  2249 | D:4      | Noticed an ice beast
  2257 | D:4      | Killed an ice beast
  2258 | D:4      | Reached skill level 5 in Axes
  2496 | D:4      | Found a shimmering altar of Xom.
  2502 | D:4      | Reached skill level 5 in Fighting
  2502 | D:4      | Reached skill level 5 in Armour
  2515 | D:4      | Reached XP level 7. HP: 61/61 MP: 6/6
  2959 | D:4      | Found a shimmering blue altar of Sif Muna.
  3336 | D:5      | Entered Level 5 of the Dungeon
  3495 | D:5      | Noticed Sigmund
  3504 | D:5      | Killed Sigmund
  3505 | D:5      | Reached XP level 8. HP: 42/70 MP: 7/7
  3718 | D:5      | Found a staircase to the Ecumenical Temple.
  3761 | D:5      | Found an opulent altar of Gozag.
  5428 | D:6      | Noticed Menkaure
  5436 | D:6      | Killed Menkaure
  5437 | D:6      | Reached XP level 9. HP: 54/78 MP: 8/8
  5744 | D:7      | Found an ancient bone altar of Kikubaaqudgha.
  5758 | D:7      | Noticed a manticore
  5760 | D:7      | Reached * piety under Ashenzari
  5774 | D:7      | Noticed a gargoyle
  5775 | D:7      | Killed a manticore
  5781 | D:7      | Killed a gargoyle
  5782 | D:7      | Reached skill level 10 in Shields
  6008 | D:7      | Noticed a gargoyle
  6014 | D:7      | Killed a gargoyle
  6015 | D:7      | Reached skill level 10 in Axes
  6070 | D:7      | Noticed a gargoyle
  6076 | D:7      | Killed a gargoyle
  6117 | D:7      | Noticed a gargoyle
  6117 | D:7      | Noticed a gargoyle
  6125 | D:7      | HP: 1/81 [gargoyle/+0 mace (6)]
  6126 | D:7      | Killed from afar by a gargoyle

Illustrated notes

Levels and vault maps discovered:
D:1:      lightli_arrival_statue_moat, layout_rooms
D:2:      layout_basic, minitemple
D:3:      layout_loops_cross, minmay_stone_trees_medium,
          kennysheep_small_spiral, kennysheep_nub, st_stairs_12, uniq_grinder
D:4:      layout_gridville, led_sif_pool, minmay_misc_feat_chi,
          minmay_misc_feat_encased, led_xom_imps
D:5:      minmay_goblin_kobold_castle, layout_cave_pools, grunt_gozag_statues,
          minmay_temple_entry_waves, uniq_sigmund
D:6:      layout_basic, uniq_menkaure
D:7:      cheibrodos_statue_roulette, layout_rooms, overflow_temple_1_default

Skill      XL: |  1  2  3  4  5  6  7  8  9 |
---------------+----------------------------+-----
Shields        | 4 5 6 7 8 10 | 10.5
Axes           | 3 4 5 7 8 10 | 10.1
Armour         | 4 5 6 7 |  7.8
Fighting       | 4 5 6 7 |  7.9

Action                   |  1- 3 |  4- 6 |  7- 9 || total
-------------------------+-------+-------+-------++-------
Melee: War axe           |    86 |    49 |   178 ||   313
       Headbutt          |     9 |     7 |    31 ||    47
Invok: Curse Item        |       |       |     2 ||     2
  Use: Scroll            |     1 |       |     1 ||     2
       Potion            |       |       |     4 ||     4
 Stab: Distracted        |       |     1 |       ||     1
       Invisible         |       |       |     2 ||     2
Armor: Scale mail        |    46 |    19 |    52 ||   117
Dodge: Dodged            |    31 |    11 |    45 ||    87
Block: Kite shield       |    51 |    27 |   106 ||   184

Table legend: (Time is in decaauts)
 A = Elapsed time spent in this place.
 B = Non-inter-level travel time spent in this place.
 C = Inter-level travel time spent in this place.
 D = Time resting spent in this place.
 E = Time spent auto-exploring this place.
 F = Levels seen in this place.
 G = Mean time per level.
                   A        B        C        D        E       F      G
               +--------+--------+--------+--------+--------+-----+--------+
         Total |   6245 |   6012 |    233 |      0 |   5198 |   7 |  892.1 |
       Dungeon |   6245 |   6012 |    233 |      0 |   5198 |   7 |  892.1 |
               +--------+--------+--------+--------+--------+-----+--------+

Top non-repeatable levels by time:
     D:5: 1420 daAuts
     D:4: 1143 daAuts
     D:3: 1027 daAuts
     D:6: 899 daAuts
     D:2: 734 daAuts
     D:1: 512 daAuts
     D:7: 508 daAuts
